 Dungeon Crawl Stone Soup version 0.16.1-14-g82efdee (webtiles) character file.

113 karlm the Conjurer (level 4, -8/36 HPs)
             Began as a Naga Wizard on Apr 11, 2015.
             Engulfed by a cloud of flame (28 damage)
             ... on level 3 of the Dungeon.
             The game lasted 00:06:53 (2435 turns).

karlm the Conjurer (Naga Wizard)                    Turns: 2435, Time: 00:06:53

Health: -8/36      AC:  5    Str: 10    XL:     4   Next: 96%
Magic:  3/9        EV:  9    Int: 19    God:
Gold:   143        SH:  0    Dex:  9    Spells: 4 memorised, 0 levels left

rFire  . . .     SeeInvis +     i - +0 short sword (elec)
rCold  . . .     Clarity  .     a - +0 robe
rNeg   + . .     SustAb   .     (no shield)
rPois  +         Gourm    .     b - +0 hat
rElec  .         Spirit   .     n - +2 cloak
rCorr  .         Warding  +     (no gloves)
rMut   .         Stasis   .     (no barding)
MR     .....                    p - amulet of warding
Stlth  ++........               m - ring of flight
                                (no ring)

@: very slow, not resistant to hostile enchantments, unstealthy
A: spit poison, see invisible, deformed body, poison resistance, slowness 2, AC
+1
a: Spit Poison, Evoke Flight


You were on level 3 of the Dungeon.
You were not hungry.

You visited 1 branch of the dungeon, and saw 3 of its levels.

You collected 143 gold pieces.

Inventory:

Hand weapons
 i - a +0 short sword of electrocution (weapon)
Missiles
 e - 112 stones (quivered)
 o - 22 poisoned needles
 s - 3 throwing nets
Armour
 a - a +0 robe (worn)
 b - a +0 hat (worn)
 n - a +2 cloak (worn)
Jewellery
 k - an uncursed ring of ice
 m - a ring of flight (right hand)
 p - an amulet of warding (around neck)
Scrolls
 f - a scroll of blinking {unknown}
 g - 2 scrolls of identify {unknown}
 h - 2 scrolls of remove curse {unknown}
 l - 2 scrolls of teleportation {unknown}
 r - a scroll of fear {unknown}
Books
 c - a book of Minor Magic

   Spells                             Type                      Level
   a - Magic Dart                     Conjuration                  1
   b - Blink                          Translocation                2
   c - Call Imp                       Summoning                    2
   d - Repel Missiles                 Charms/Air                   2
   e - Slow                           Hexes                        2
   f - Conjure Flame                  Conjuration/Fire             3
   g - Mephitic Cloud                 Conjuration/Poison/Air       3
Miscellaneous
 u - a plain deck of summoning
Comestibles
 d - 2 bread rations


   Skills:
 - Level 1.5 Dodging
 - Level 3.0 Stealth
 - Level 3.0 Spellcasting
 + Level 3.7 Conjurations
   Level 1.0 Summonings
 - Level 1.0 Translocations
 * Level 2.3 Fire Magic


You couldn't memorise any spells.
You knew the following spells:

 Your Spells              Type           Power        Failure   Level  Hunger
a - Magic Dart            Conj           ###.         4%          1    None
b - Conjure Flame         Conj/Fire      ##......     14%         3    ###....
c - Mephitic Cloud        Conj/Pois/Air  #.......     34%         3    ###....
d - Blink                 Tloc           N/A          17%         2    ##.....


Dungeon Overview and Level Annotations

Branches:
Dungeon (3/15)

Altars:
Nemelex Xobeh

Annotations:
D:3 EmilioHeskey's ghost, average HOFi


Innate Abilities, Weirdness & Mutations

You cannot wear boots.
You can spit poison.
Your serpentine skin is tough (AC +1).
You have supernaturally acute eyesight.
Armour fits poorly on your strangely shaped body.
Your system is resistant to poisons.
You cover ground very slowly.


Message History

Casting: Conjure Flame
Confirm with . or Enter, or press ? or * to list all spells.
Aiming: Mephitic Cloud
Press: ? - help, Shift-Dir - straight line, f - EmilioHeskey's ghost
Aim: EmilioHeskey's ghost The ball explodes into a vile cloud!
The stinking cloud engulfs EmilioHeskey's ghost.
The stinking cloud engulfs you!
You hear a shout!
EmilioHeskey's ghost hits you!
Casting: Mephitic Cloud
Confirm with . or Enter, or press ? or * to list all spells.
Aiming: Conjure Flame
Press: ? - help, Dir - move target cursor, p - EmilioHeskey's ghost The fire roars!
EmilioHeskey's ghost completely misses you.
Really slither into that cloud of flame?
You are engulfed in roaring flames.
Ouch! That really hurt!
You die...

## # ##. .#
#..##.######## #.
#.#...#......#
#..#.#@###.####.#
#..#.#.#<#.#....#
#..#.#W#...#.####
#......#####.#
#............#
#..#.....########
#................
..#......########
#.............#


You could see EmilioHeskey's ghost.

Vanquished Creatures
  4 gnolls (D:2)
  3 adders (D:2)
  A worm (D:1)
  A giant gecko (D:1)
  A giant cockroach (D:2)
  4 goblins
  4 hobgoblins
  A quokka (D:2)
  4 bats
  2 giant newts
  4 jackals (D:2)
  6 kobolds
  10 rats
45 creatures vanquished.

Notes
Turn   | Place    | Note
--------------------------------------------------------------
     0 | D:1      | karlm, the Naga Wizard, began the quest for the Orb.
     0 | D:1      | Reached XP level 1. HP: 15/15 MP: 4/4
   362 | D:1      | Reached XP level 2. HP: 19/22 MP: 6/6
   996 | D:2      | Reached XP level 3. HP: 24/28 MP: 3/7
  1018 | D:2      | Learned a level 3 spell: Conjure Flame
  1022 | D:2      | Learned a level 3 spell: Mephitic Cloud
  1238 | D:2      | Reached skill level 1 in Fire Magic
  1242 | D:2      | Reached XP level 4. HP: 16/36 MP: 2/9
  1514 | D:2      | Found a sparkling altar of Nemelex Xobeh.
  1617 | D:2      | Learned a level 2 spell: Blink
  2412 | D:3      | Noticed EmilioHeskey's ghost (average HOFi)
  2435 | D:3      | Engulfed by a cloud of flame

Action                   |  1- 3 |  4- 6 || total
-------------------------+-------+-------++-------
Melee: Short sword       |    48 |    38 ||    86
 Cast: Magic Dart        |    21 |     7 ||    28
       Mephitic Cloud    |       |     4 ||     4
       Conjure Flame     |       |     1 ||     1
 Abil: Spit Poison       |    13 |     6 ||    19
  Use: Potion            |       |     2 ||     2
 Stab: Sleeping          |     1 |     3 ||     4
  Eat: Chunk             |     1 |     5 ||     6
